 Dungeon Crawl Stone Soup version 0.21.1-1-g345015f (webtiles) character file.

370 remykins the Cudgeler (level 6, 0/53 HPs)
             Began as a Gnoll Wanderer on June 24, 2018.
             Was an Initiate of Okawaru.
             Killed by nerve-wracking pain
             ... invoked by iamserjio's ghost
              (13 damage)
             ... on level 4 of the Dungeon.
             The game lasted 00:14:49 (3378 turns).

remykins the Cudgeler (Gnoll Wanderer)              Turns: 3378, Time: 00:14:50

Health: 0/53       AC:  5    Str: 14    XL:     6   Next: 70%
Magic:  18/18      EV: 12    Int: 15    God:    Okawaru [......]
Gold:   261        SH:  4    Dex: 16    Spells: 9/9 levels left

rFire    . . .     SeeInvis .   a - +3 mace
rCold    . . .     Gourm    .   v - +0 buckler
rNeg     . . .     Faith    .   x - +0 steam dragon scales
rPois    .         Spirit   .   (no helmet)
rElec    .         Reflect  .   (no cloak)
rCorr    .         Harm     .   (no gloves)
MR       .....                  (no boots)
Stlth    ++........             j - amulet of regeneration
HPRegen  0.57/turn              m - ring of magical power
MPRegen  0.16/turn              (no ring)

@: no status effects
A: distributed training, fangs 1, strong nose
a: Renounce Religion


You were on level 4 of the Dungeon.
You worshipped Okawaru.
Okawaru was noncommittal.
You were very hungry.

You visited 2 branches of the dungeon, and saw 5 of its levels.

You collected 261 gold pieces.

Inventory:

Hand Weapons
 a - a +3 mace (weapon)
 b - a +0 hand crossbow
 t - a +0 hunting sling
 u - a cursed -3 dagger
 C - a +0 battleaxe of freezing
Missiles
 c - 48 bolts
 B - 22 poisoned needles
Armour
 e - a +0 robe
 q - a +0 leather armour
 s - a +0 chain mail
 v - a +0 buckler (worn)
 x - +0 steam dragon scales (worn)
Jewellery
 g - an uncursed amulet of harm {unknown}
 j - an amulet of regeneration (around neck)
 m - a ring of magical power (left hand)
Wands
 d - a wand of random effects (15)
Scrolls
 h - 4 scrolls of enchant weapon
 l - a scroll of fog {unknown}
 n - a scroll of identify
 o - a scroll of teleportation {unknown}
 y - a scroll of noise {unknown}
 z - a scroll of blinking {unknown}
 D - a scroll of immolation {unknown}
 E - a scroll of magic mapping {unknown}
Potions
 i - 2 potions of heal wounds
 k - a potion of ambrosia {unknown}
 p - a potion of curing {unknown}
 r - 2 potions of brilliance {unknown}
 w - a potion of flight {unknown}
 A - a potion of mutation {unknown}
Comestibles
 f - 10 rations


   Skills:
 + Level 6.8 Fighting
 + Level 2.0 Short Blades
 + Level 2.0 Long Blades
 + Level 2.0 Axes
 + Level 6.8 Maces & Flails
 + Level 2.0 Polearms
 + Level 2.0 Staves
 + Level 2.0 Slings
 + Level 3.3 Bows
 + Level 2.0 Crossbows
 + Level 2.0 Throwing
 + Level 3.3 Armour
 + Level 2.0 Dodging
 + Level 3.1 Stealth
 + Level 2.0 Shields
 + Level 2.0 Unarmed Combat
 + Level 2.0 Spellcasting
 + Level 1.6 Conjurations
 + Level 1.6 Hexes
 + Level 1.6 Charms
 + Level 1.6 Summonings
 + Level 1.6 Necromancy
 + Level 1.6 Translocations
 + Level 1.6 Transmutations
 + Level 1.6 Fire Magic
 + Level 1.6 Ice Magic
 + Level 1.6 Air Magic
 + Level 1.6 Earth Magic
 + Level 1.6 Poison Magic
 + Level 2.2 Invocations
 + Level 3.3 Evocations


You had 9 spell levels left.
You didn't know any spells.

Dungeon Overview and Level Annotations

Branches:
Dungeon (4/15)             Temple (1/1) D:4

Altars:
Dithmenos
Elyvilon
Kikubaaqudgha
Makhleb
Okawaru
Qazlal
Sif Muna
Trog
Uskayaw
Vehumet
Wu Jian

Annotations:
D:4 iamserjio's ghost, amateur GnAs


Innate Abilities, Weirdness & Mutations

Your experience applies equally to all skills.
You have very sharp teeth.
Your uncanny sense of smell can sniff out nearby items.


Message History

Pain shoots through your body!
You sock iamserjio's ghost!
You bite iamserjio's ghost, but do no damage.
Iamserjio's ghost is heavily damaged.
Iamserjio's ghost casts a spell at you. Pain shoots through your body!
Iamserjio's ghost hits you.
You sock iamserjio's ghost!
Iamserjio's ghost is severely damaged.
You block iamserjio's ghost's attack.
You hit iamserjio's ghost but do no damage.
Iamserjio's ghost is severely damaged.
Iamserjio's ghost wails.
Iamserjio's ghost points at you and mumbles some strange words.
Pain shoots through your body!
* * * LOW HITPOINT WARNING * * *
You sock iamserjio's ghost! Your bite misses iamserjio's ghost.
Iamserjio's ghost is almost destroyed.
Iamserjio's ghost gestures at you while chanting.
Pain shoots through your body!
You die...

.###.#...###...#.####...#.
....#.#..................##
.$....................###..#
#.S................#####
##.. ## ...............##
..# ...............# ####
........)......#
S..............#
........W@.....###
...................
#....?..........###
######...###.#.## ##..#
#...# #.)##....# #..#..##.#
##...## .# #.###


You could see iamserjio's ghost.

Vanquished Creatures
  2 ogres (D:4)
  A statue (D:4)
  A howler monkey skeleton (D:4)
  5 adders
  A gnoll (D:1)
  An ooze (D:4)
  3 worms
  2 dart slugs
  4 leopard geckos
  5 giant cockroaches
  15 goblins
  18 hobgoblins
  4 jackals (D:1)
  8 kobolds
  2 ball pythons
  11 bats
  2 frilled lizards (D:2)
  7 rats
92 creatures vanquished.

Notes
Turn   | Place    | Note
-------+----------+-------------------------------------------
     0 | D:1      | remykins the Gnoll Wanderer began the quest for the Orb.
     0 | D:1      | remykins set off with: a +2 mace, a +0 hand crossbow, 25 bolts, a wand of random effects (15), a +0 robe, a ration
     0 | D:1      | Reached XP level 1. HP: 23/23 MP: 2/2
   296 | D:1      | Reached XP level 2. HP: 22/29 MP: 3/3
   781 | D:1      | Reached XP level 3. HP: 35/35 MP: 4/4
   849 | D:1      | Reached skill level 1 in Invocations
  1068 | D:2      | Found a faded altar of an unknown god.
  1096 | D:2      | Reached skill level 1 in Short Blades
  1096 | D:2      | Reached skill level 1 in Long Blades
  1096 | D:2      | Reached skill level 1 in Axes
  1096 | D:2      | Reached skill level 1 in Polearms
  1096 | D:2      | Reached skill level 1 in Staves
  1096 | D:2      | Reached skill level 1 in Slings
  1096 | D:2      | Reached skill level 1 in Crossbows
  1096 | D:2      | Reached skill level 1 in Throwing
  1096 | D:2      | Reached skill level 1 in Dodging
  1096 | D:2      | Reached skill level 1 in Shields
  1096 | D:2      | Reached skill level 1 in Unarmed Combat
  1096 | D:2      | Reached skill level 1 in Spellcasting
  1225 | D:2      | Reached XP level 4. HP: 34/41 MP: 6/6
  1668 | D:2      | Found a bloodstained altar of Trog.
  1902 | D:3      | Reached skill level 1 in Conjurations
  1902 | D:3      | Reached skill level 1 in Hexes
  1902 | D:3      | Reached skill level 1 in Charms
  1902 | D:3      | Reached skill level 1 in Summonings
  1902 | D:3      | Reached skill level 1 in Necromancy
  1902 | D:3      | Reached skill level 1 in Translocations
  1902 | D:3      | Reached skill level 1 in Transmutations
  1902 | D:3      | Reached skill level 1 in Fire Magic
  1902 | D:3      | Reached skill level 1 in Ice Magic
  1902 | D:3      | Reached skill level 1 in Air Magic
  1902 | D:3      | Reached skill level 1 in Earth Magic
  1902 | D:3      | Reached skill level 1 in Poison Magic
  1987 | D:3      | Reached XP level 5. HP: 41/47 MP: 7/7
  2358 | D:3      | Found an ancient bone altar of Kikubaaqudgha.
  2734 | D:4      | Noticed an ogre
  2858 | D:4      | Found a radiant altar of Vehumet.
  2858 | D:4      | Noticed a frost-covered statue
  2873 | D:4      | Killed a frost-covered statue
  2903 | D:4      | Noticed an ogre
  2913 | D:4      | Killed an ogre
  2913 | D:4      | Reached XP level 6. HP: 25/53 MP: 8/8
  3033 | D:4      | Found a staircase to the Ecumenical Temple.
  3039 | Temple   | Entered the Ecumenical Temple
  3132 | Temple   | Became a worshipper of Warmaster Okawaru
  3258 | D:4      | Noticed iamserjio's ghost (amateur GnAs)
  3378 | D:4      | Killed from afar by iamserjio's ghost

Skill      XL: |  1  2  3  4  5  6 |
---------------+-------------------+-----
Invocations    | 1 2 |  2.2
Short Blades   | 1 2 |  2.0
Long Blades    | 1 2 |  2.0
Axes           | 1 2 |  2.0
Polearms       | 1 2 |  2.0
Staves         | 1 2 |  2.0
Slings         | 1 2 |  2.0
Crossbows      | 1 2 |  2.0
Throwing       | 1 2 |  2.0
Dodging        | 1 2 |  2.0
Shields        | 1 2 |  2.0
Unarmed Combat | 1 2 |  2.0
Spellcasting   | 1 2 |  2.0
Conjurations   | 1 |  1.6
Hexes          | 1 |  1.6
Charms         | 1 |  1.6
Summonings     | 1 |  1.6
Necromancy     | 1 |  1.6
Translocations | 1 |  1.6
Transmutations | 1 |  1.6
Fire Magic     | 1 |  1.6
Ice Magic      | 1 |  1.6
Air Magic      | 1 |  1.6
Earth Magic    | 1 |  1.6
Poison Magic   | 1 |  1.6
Bows           | 3 |  3.3
Armour         | 3 |  3.3
Evocations     | 3 |  3.3
Stealth        | 3 |  3.1
Fighting       | |  6.8
Maces & Flails | |  6.8

Action                   |  1- 3 |  4- 6 || total
-------------------------+-------+-------++-------
Melee: Mace              |    96 |   170 ||   266
       Bite              |     2 |    26 ||    28
       Punch             |     1 |       ||     1
  Use: Scroll            |       |     2 ||     2
 Stab: Sleeping          |     4 |     8 ||    12
  Eat: Chunk             |     1 |     6 ||     7
Armor: Robe              |    28 |     1 ||    29
       Leather armour    |       |    13 ||    13
       Steam dragon scal |       |    11 ||    11
Dodge: Dodged            |    63 |    68 ||   131
Block: Buckler           |       |    15 ||    15
